 Dungeon Crawl Stone Soup version 0.28-a0-503-g83f2989fac (webtiles) character file.

Game seed: 4353468380826619073

2574 drugrobin the Spear-Bearer (level 9, 0/67 HPs)
             Began as a Demigod Warper on Sept 20, 2021.
             Hit by a large rock thrown by a cyclops (39 damage)
             ... on level 7 of the Dungeon.
             The game lasted 00:20:36 (10116 turns).

drugrobin the Spear-Bearer (Demigod Warper)        Turns: 10116, Time: 00:20:36

Health: 0/67       AC:  5    Str: 22    XL:     9   Next: 10%
Magic:  14/14      EV: 12    Int: 19    God:
Gold:   384        SH:  0    Dex: 17    Spells: 5/11 levels left

rFire   . . .      SeeInvis .   b - +0 hunting sling (freeze)
rCold   + . .      Faith    .   (no shield)
rNeg    . . .      Spirit   .   H - +1 leather armour {rC+}
rPois   .          Reflect  .   (no helmet)
rElec   .          Harm     .   o - +0 cloak
rCorr   .          Rampage  .   (no gloves)
Will    +....                   (no boots)
Stlth   +.........              r - amulet of regeneration
HPRegen 1.21/turn               e - +6 ring of strength
MPRegen 0.14/turn               L - ring of willpower

@: no status effects
A: high mp 1, forlorn
a: no special abilities


You were on level 7 of the Dungeon.
You visited 1 branch of the dungeon, and saw 7 of its levels.

You collected 384 gold pieces.

Inventory:

Hand Weapons
 a - a +2 spear of flaming
 b - a +0 hunting sling of freezing (weapon)
 B - a +0 spear
 J - a +0 trident
Missiles
 d - 5 boomerangs of dispersal
 f - 5 javelins
 m - 230 stones
 v - 8 boomerangs
 x - 28 sling bullets (quivered ammo)
 O - 36 poisoned darts
Armour
 l - a +0 leather armour
 o - a +0 cloak (worn)
 u - a +2 robe of fire resistance
 F - a scarf of invisibility
 H - a +1 leather armour of cold resistance (worn)
Jewellery
 e - a +6 ring of strength (left hand)
 g - an amulet of guardian spirit
 r - an amulet of regeneration (around neck)
 t - a ring of ice
 L - a ring of willpower (right hand)
Wands
 w - a wand of digging (5)
 z - a wand of polymorph (6)
 D - a wand of iceblast (15)
Scrolls
 c - 2 scrolls of blinking
 h - a scroll of acquirement {unknown}
 j - a scroll of silence {unknown}
 k - a scroll of brand weapon {unknown}
 n - 5 scrolls of teleportation {unknown}
 p - 5 scrolls of identify {unknown}
 q - a scroll of fog {unknown}
 s - 2 scrolls of noise {unknown}
 y - a scroll of magic mapping {unknown}
 A - a scroll of enchant armour {unknown}
 C - 2 scrolls of enchant weapon {unknown}
Potions
 i - a potion of heal wounds {unknown}
 E - a potion of invisibility {unknown}
 G - 2 potions of lignification {unknown}
 I - a potion of ambrosia {unknown}
 K - a potion of haste
 M - a potion of curing
 N - a potion of flight {unknown}


   Skills:
 - Level 1.7 Fighting
 + Level 11.6 Polearms
 - Level 0.8 Throwing
 - Level 0.8 Armour
 - Level 1.7 Dodging
 - Level 1.7 Spellcasting
 - Level 2.6 Translocations


You had 5 spell levels left.
You knew the following spells:

 Your Spells              Type           Power      Damage    Failure   Level
a - Teleport Other        Tloc           11%        N/A       21%         3
b - Blink                 Tloc           N/A        N/A       10%         2
c - Summon Small Mammal   Summ           4%         N/A       21%         1

Your spell library contained the following spells:

 Spells                   Type           Power      Damage    Failure   Level
 Magic Dart               Conj           4%         1d3       21%         1
 Gell's Gravitas          Tloc           5%         N/A       21%         3
 Lesser Beckoning         Tloc           11%        N/A       21%         3
 Call Imp                 Summ           1%         N/A       30%         2
 Call Canine Familiar     Summ           1%         N/A       52%         3
 Mephitic Cloud           Conj/Pois/Air  1%         N/A       52%         3
 Summon Guardian Golem    Hex/Summ       1%         N/A       52%         3
 Manifold Assault         Tloc           11%        N/A       88%         5


Dungeon Overview and Level Annotations

Branches:
Dungeon (7/15)             Temple (0/1) D:6

Shops:
D:1 :


Innate Abilities, Weirdness & Mutations

Your attributes grow dramatically as you level up.
You have an increased reservoir of magic. (+10% MP)
You shall have no god before yourself.


Message History

x - 31 sling bullets (gained 19)
Your +2 spear of flaming stops flaming.
Your +0 hunting sling of freezing is covered in frost.
b - a +0 hunting sling of freezing (weapon)
Found a whip.
You now have 374 gold pieces (gained 13).
Found a dagger.
O - 23 poisoned darts (gained 13)
Found a bloodstained ring mail.
p - 5 scrolls labelled MAJ ZESMAVALL (gained 1)
n - 5 scrolls labelled GOVESE TIL (gained 1)
O - 36 poisoned darts (gained 13)
Found a sparkling altar of Nemelex Xobeh.
You now have 384 gold pieces (gained 10).
A cyclops comes into view.
The cyclops throws a large rock.
The large rock hits you!!
A cyclops is nearby!
Fire: 31 sling bullets
Press: ? - help, Q - select action, (/) - cycle Shift-Dir - straight line, f - cyclops
Aim: a cyclops, quivering large rocks (86% to hit)
You shoot a sling bullet. The sling bullet hits the cyclops!
The sling bullet freezes the cyclops.
The cyclops is moderately wounded.
Fire: 30 sling bullets
Press: ? - help, Q - select action, (/) - cycle Shift-Dir - straight line, f/p - cyclops
Aim: a cyclops, quivering large rocks (moderately wounded, 86% to hit)
You shoot a sling bullet. The sling bullet hits the cyclops!
The sling bullet freezes the cyclops.
The cyclops is heavily wounded.
Unknown command.
Unknown command.
Fire: 29 sling bullets
Press: ? - help, Q - select action, (/) - cycle Shift-Dir - straight line, f/p - cyclops
Aim: a cyclops, quivering large rocks (heavily wounded, 86% to hit)
You shoot a sling bullet.
The sling bullet hits the cyclops but does no damage.
The cyclops is heavily wounded.
The cyclops throws a large rock.
The large rock hits you!!!
Ouch! That really hurt!
You die...

### .§§+ #...# #..#####
..####..≈#+# #...####...##.##
........≈≈.≈ #...#......##..#
.........#.# #..............
.....#.....# #..............
...........# ###..............
....#....... ##......#.........
..........# #.......##........
.........## #@......###.......
..........#. #........####.......
......##..............#.#........
...........#........#..........#.
..##.......#......####.....#..###
...#.......#...#..# .......##.##.
....c........C.##.. ..........###
............(.. .. ......#......
............ ......#..#...


You could see a cyclops.

Vanquished Creatures
  2 water moccasins (D:6)
  An orc warrior (D:6)
  A sky beast (D:7)
  A necrophage (D:6)
  An ice beast (D:7)
  A centaur (D:5)
  5 ogres
  3 phantoms
  A bullfrog (D:6)
  A kobold brigand (D:6)
  5 scorpions
  A water moccasin skeleton (D:5)
  A howler monkey (D:6)
  2 jellies
  5 hounds
  An orc priest (D:3)
  4 iguanas
  3 orc wizards
  Natasha (thrice) (D:4)
  4 gnolls (D:6)
  11 adders
  A white imp (D:5)
  2 adder skeletons (D:4)
  3 worms (D:4)
  2 dart slugs
  21 orcs
  10 ball pythons
  8 endoplasms
  5 giant cockroaches
  5 goblins
  7 hobgoblins
  5 jackals
  6 quokkas
  6 bats
  A jackal zombie (D:6)
  13 kobolds
  2 quokka skeletons (D:4)
  2 rats (D:1)
156 creatures vanquished.

Vanquished Creatures (collateral kills)
  A kobold (D:4)
1 creature vanquished.

Grand Total: 157 creatures vanquished

Notes
Turn   | Place    | Note
-------+----------+-------------------------------------------
     0 | D:1      | drugrobin the Demigod Warper began the quest for the Orb.
     0 | D:1      | Reached XP level 1. HP: 17/17 MP: 5/5
   169 | D:1      | Reached skill level 2 in Polearms
   478 | D:1      | Reached XP level 2. HP: 24/24 MP: 7/7
   925 | D:1      | Reached skill level 3 in Polearms
  1270 | D:1      | Found Citex's Book Boutique.
  1397 | D:1      | Learned a level 2 spell: Blink
  1609 | D:2      | Reached XP level 3. HP: 17/29 MP: 5/8
  2240 | D:2      | Reached skill level 4 in Polearms
  2517 | D:2      | Reached XP level 4. HP: 29/36 MP: 7/9
  3422 | D:3      | Learned a level 3 spell: Teleport Other
  3521 | D:3      | Learned a level 1 spell: Summon Small Mammal
  3612 | D:3      | Reached skill level 5 in Polearms
  3626 | D:3      | Reached XP level 5. HP: 40/41 MP: 10/10
  4128 | D:4      | Noticed Natasha
  4141 | D:4      | Killed Natasha
  4633 | D:4      | Noticed Natasha
  4635 | D:4      | Killed Natasha
  4636 | D:4      | Reached skill level 6 in Polearms
  4636 | D:4      | Reached XP level 6. HP: 48/48 MP: 11/11
  5069 | D:4      | Noticed Natasha
  5083 | D:4      | Killed Natasha
  5154 | D:4      | Reached skill level 7 in Polearms
  5494 | D:5      | Entered Level 5 of the Dungeon
  5524 | D:4      | Reached XP level 7. HP: 13/53 MP: 4/12
  5949 | D:5      | Reached skill level 8 in Polearms
  7507 | D:5      | Reached skill level 9 in Polearms
  7782 | D:4      | Reached XP level 8. HP: 31/60 MP: 4/13
  8684 | D:6      | Reached skill level 10 in Polearms
  8789 | D:6      | Found a runed translucent door.
  9168 | D:6      | Found a staircase to the Ecumenical Temple.
  9183 | D:6      | Reached skill level 11 in Polearms
  9580 | D:7      | Reached XP level 9. HP: 67/67 MP: 14/14
 10113 | D:7      | Noticed a cyclops
 10116 | D:7      | Hit by a large rock thrown by a cyclops

Illustrated notes

Levels and vault maps discovered:
D:1:      dpeg_arrival_erosion, layout_basic, serial_shops, shop
D:2:      layout_loops_ring, dilly_ecumenical_altar_fadedgnrine, minivault_24
D:3:      layout_rooms, chequers_serial_rivers_large_b,
          chequers_decorated_corner, corner_web_ring, saegor_snake_ambush
D:4:      layout_gridville, old_standard_altar, serial_glass, glass_columns_b,
          glass_columns_a, glass_columns_b, glass_columns_a, glass_columns_a,
          glass_columns_a, grunt_ministairs_15, minmay_liquid_box,
          minmay_quadrilaterals, uniq_natasha
D:5:      layout_rooms, nicolae_hepliaklqana_hippocampus, kennysheep_potato
D:6:      layout_cave_pods, trog_butcher_becter, dk_yredelemnul_ordeal,
          minmay_temple_entry_stoned_glass, palyth_stone_intersect, st_stairs_3
D:7:      layout_cave_pools, kennysheep_mini_moat,
          mainiacjoe_overflow_tiny_flanked, old_standard_altar

Skill      XL: |  1  2  3  4  5  6  7  8 |
---------------+-------------------------+-----
Polearms       | 2 3 4 5 6 7 9 11 | 11.6
Fighting       | |  1.7
Throwing       | |  0.8
Armour         | |  0.8
Dodging        | |  1.7
Spellcasting   | |  1.7
Translocations | |  2.6

Action                   |  1- 3 |  4- 6 |  7- 9 || total
-------------------------+-------+-------+-------++-------
Melee: Spear             |   151 |   233 |   186 ||   570
       Trident           |       |       |   139 ||   139
 Fire: Hunting sling     |    24 |    61 |     6 ||    91
Throw: Javelin           |       |     7 |    23 ||    30
 Cast: Summon Small Mamm |       |     9 |     4 ||    13
       Blink             |       |     2 |     9 ||    11
Evoke: Wand              |       |       |     2 ||     2
 Stab: Sleeping          |     1 |       |     2 ||     3
Armor: Leather armour    |    49 |    34 |    34 ||   117
       Robe              |       |    21 |    26 ||    47
Dodge: Dodged            |    92 |   126 |   156 ||   374

Table legend: (Time is in decaauts)
 A = Elapsed time spent in this place.
 B = Non-inter-level travel time spent in this place.
 C = Inter-level travel time spent in this place.
 D = Time resting spent in this place.
 E = Time spent auto-exploring this place.
 F = Levels seen in this place.
 G = Mean time per level.
                   A        B        C        D        E       F      G
               +--------+--------+--------+--------+--------+-----+--------+
         Total |  10035 |   9687 |    348 |   2648 |   5202 |   7 | 1433.6 |
       Dungeon |  10035 |   9687 |    348 |   2648 |   5202 |   7 | 1433.6 |
               +--------+--------+--------+--------+--------+-----+--------+

Top non-repeatable levels by time:
     D:4: 2313 daAuts
     D:5: 1962 daAuts
     D:2: 1604 daAuts
     D:1: 1394 daAuts
     D:6: 1224 daAuts
     D:3: 1175 daAuts
     D:7: 359 daAuts
